AoeStats
← Ryzz

MegaRandom

508179419Analyzed
3v3 RM · 12d ago on Sep 21, 2026· 45m 11s· 6 players
Game mode
Random Map
Map size
Normal (6 player)
Population
200
Speed
Normal
Resources
Standard
Victory
Conquest
Starting age
Dark Age
Ending age
Imperial Age
RankedLock teamsTeams togetherTeam positionsShared explorationLock speedFull tech treeHidden civsTurbo modeCheats
Victory
Defeat
🇳🇿 Mongols · New Zealand
1344
+11
🇳🇴 Gurjaras · Norway
1283
+18
🇨🇳 Burgundians · China
1255
+15
🇳🇨 Mongols · New Caledonia
1309
-16
🇫🇷 Vikings · France
1207
-12
🇳🇨 Wei · New Caledonia
1199
-12
Godlys
10:35 Feudal Age
11:04 Loom
14:54 Castle Age
13:22 Double-Bit Axe
13:28 Horse Collar
21:29 Bow Saw
21:40 Heavy Plow
26:40 Gold Mining
26:44 Stone Mining
29:01 Kshatriyas
29:32 Scale Barding Armor
29:38 Forging
29:45 Bloodlines
29:45 Husbandry
31:25 Wheelbarrow
34:36 Imperial Age
33:16 Forging
33:37 Chain Barding Armor
34:48 Iron Casting
35:11 Hand Cart
34:37 Heavy Camel Rider
35:39 Frontier Guards
35:40 Conscription
36:02 Plate Barding Armor
35:55 Siege Elephant
成全
10:41 Feudal Age
9:17 Double-Bit Axe
10:44 Loom
13:05 Bow Saw
16:38 Horse Collar
19:55 Castle Age
19:38 Gold Mining
21:43 Scale Barding Armor
24:59 Two-Man Saw
25:52 Heavy Plow
25:50 Cavalier
28:21 Wheelbarrow
28:25 Gold Shaft Mining
28:59 Husbandry
30:23 Chain Barding Armor
32:32 Stone Mining
33:24 Hand Cart
32:54 Town Watch
33:37 Forging
35:11 Stone Shaft Mining
34:32 Light Cavalry
35:40 Town Patrol
37:06 Iron Casting
44:41 Imperial Age
46:18 Plate Barding Armor
46:43 Blast Furnace
45:05 Hussar
Ryzz
6:40 Loom
8:43 Feudal Age
9:32 Double-Bit Axe
11:33 Horse Collar
14:05 Forging
14:08 Horse Collar
16:09 Scale Barding Armor
18:58 Bloodlines
22:23 Castle Age
23:23 Husbandry
24:13 Bow Saw
24:10 Gold Mining
23:47 Light Cavalry
24:35 Heavy Plow
29:39 Wheelbarrow
29:56 Chain Barding Armor
31:24 Stone Mining
32:09 Gold Shaft Mining
32:09 Fletching
33:55 Hand Cart
33:25 Town Watch
37:37 Imperial Age
36:14 Stone Shaft Mining
35:34 Bodkin Arrow
35:40 Padded Archer Armor
35:48 Thumb Ring
36:53 Ballistics
36:45 Masonry
37:41 Elite Mangudai
38:41 Conscription
38:59 Conscription
38:46 Bracer
39:51 Chemistry
39:19 Town Patrol
38:47 Elite Skirmisher
41:29 Parthian Tactics
42:55 Leather Archer Armor
45:31 Caravan
Boy oh boy
7:02 Loom
9:51 Feudal Age
16:55 Castle Age
16:13 Stone Mining
16:13 Horse Collar
16:20 Double-Bit Axe
17:52 Fletching
18:19 Bow Saw
19:21 Fletching
29:30 Bodkin Arrow
32:00 Heavy Plow
32:01 Padded Archer Armor
32:53 Husbandry
33:35 Bloodlines
40:05 Imperial Age
38:16 Town Watch
39:01 Ballistics
40:09 Elite Mangudai
40:50 Bracer
41:57 Chemistry
Chill Trip
7:19 Loom
9:58 Feudal Age
23:44 Castle Age
23:54 Bloodlines
23:56 Scale Barding Armor
24:01 Forging
24:24 Double-Bit Axe
24:31 Horse Collar
25:22 Bow Saw
25:58 Heavy Plow
40:54 Imperial Age
40:56 Heavy Hei Guang Cavalry
46:03 Chain Barding Armor
46:18 Iron Casting
K1ller401
6:34 Loom
8:54 Feudal Age
9:44 Double-Bit Axe
15:45 Fletching
16:21 Horse Collar
22:00 Castle Age
22:04 Crossbowman
22:41 Bodkin Arrow
24:13 Padded Archer Armor
24:33 Gold Mining
27:57 Ballistics
29:32 Heavy Plow
29:46 Bow Saw
33:50 Gold Shaft Mining
33:06 Stone Mining
37:32 Imperial Age
35:53 Caravan
37:42 Fortified Wall
37:53 Arbalester
39:45 Chemistry
39:21 Conscription
39:31 Bracer
39:47 Leather Archer Armor
40:50 Bogsveigar
Connection lost

Rejoining the realm…

Still unreachable

The connection could not be restored.

Session expired

The server has moved on; the page needs a fresh start.